 Dungeon Crawl Stone Soup version 0.22-a0-772-gac08f70 (webtiles) character file.

13 Amnesiac the Digger (level 2, -3/19 HPs)
             Began as a Demonspawn Earth Elementalist on July 17, 2018.
             Slain by an ice beast (10 damage)
             ... on level 3 of the Dungeon.
             The game lasted 00:01:07 (238 turns).

Amnesiac the Digger (Demonspawn Earth Elementalist)  Turns: 238, Time: 00:01:08

Health: -3/19      AC:  2    Str:  8    XL:     2   Next: 24%
Magic:  1/5        EV: 12    Int: 16    God:
Gold:   14         SH:  0    Dex: 15    Spells: 4/5 levels left

rFire    . . .     SeeInvis .   (no weapon)
rCold    . . .     Gourm    .   (no shield)
rNeg     . . .     Faith    .   c - +0 robe
rPois    .         Spirit   .   (no helmet)
rElec    .         Reflect  .   (no cloak)
rCorr    .         Harm     .   (no gloves)
MR       .....                  (no boots)
Stlth    +++.......             (no amulet)
HPRegen  0.06/turn              (no ring)
MPRegen  0.09/turn              (no ring)

@: no status effects
A: thin skeletal structure 1
a: no special abilities


You were on level 3 of the Dungeon.
You were not hungry.

You visited 1 branch of the dungeon, and saw 3 of its levels.

You collected 14 gold pieces.

Inventory:

Missiles
 b - 17 stones (quivered)
Armour
 c - a +0 robe (worn)
Jewellery
 a - an uncursed ring of ice
Scrolls
 e - 2 scrolls of random uselessness {!r, unknown}
Potions
 g - a potion of curing {!q, unknown}
Comestibles
 d - 3 rations
 f - 4 chunks of flesh


   Skills:
 + Level 2.0 Dodging
 - Level 2.0 Stealth
 + Level 2.1 Spellcasting
   Level 0.8 Transmutations
 * Level 3.0 Earth Magic


You had 4 spell levels left.
You knew the following spells:

 Your Spells              Type           Power        Failure   Level  Hunger
a - Sandblast             Erth           ##....       6%          1    #......

Your spell library contained the following spells:

 Spells                   Type           Power        Failure   Level  Hunger
 Stone Arrow              Conj/Erth      #.....       32%         3    ###....
 Passwall                 Tmut/Erth      #.......     14%         2    ###....
 Lee's Rapid Deconstruct  Erth           ##........   86%         5    ######.
 Petrify                  Tmut/Erth      #.......     67%         4    #####..


Dungeon Overview and Level Annotations

Branches:
Dungeon (3/15)

Altars:


Innate Abilities, Weirdness & Mutations

You have a somewhat thin skeletal structure. (Dex +2, Stealth)


Message History

Your bones become slightly less dense.
b - 22 stones You see here an adder corpse.
You start resting.
HP restored.
You start resting.
Magic restored.
You start resting.
Magic restored.
The helpless bat fails to defend itself.
You hit the bat but do no damage. The bat closely misses you.
Casting: Sandblast (safe; 6% risk of failure)
Confirm with . or Enter, or press ? or * to list all spells.
Aiming: Sandblast (safe; 6% risk of failure)
Press: ? - help, Shift-Dir - straight line, f - bat
Aim: a bat The blast of sand hits the bat.
You kill the bat!
b - 21 stones
Casting: Sandblast (safe; 6% risk of failure)
Confirm with . or Enter, or press ? or * to list all spells.
You can't see any susceptible monsters within range! (Use Z to cast anyway.)
You see here an adder corpse.
You butcher the adder corpse.
f - 4 chunks of flesh (gained 1)
An ice beast comes into view.
Found a stone staircase leading down.
You see here 12 gold pieces.
An ice beast is nearby!
Casting: Sandblast (safe; 6% risk of failure)
Confirm with . or Enter, or press ? or * to list all spells.
Aiming: Sandblast (safe; 6% risk of failure)
Press: ? - help, Shift-Dir - straight line, f - ice beast
Aim: an ice beast The blast of sand hits the ice beast.
b - 20 stones
Casting: Sandblast (safe; 6% risk of failure)
Confirm with . or Enter, or press ? or * to list all spells.
Aiming: Sandblast (safe; 6% risk of failure)
Press: ? - help, Shift-Dir - straight line, f/p - ice beast
Aim: an ice beast The blast of sand hits the ice beast.
b - 19 stones
Casting: Sandblast (safe; 6% risk of failure)
Confirm with . or Enter, or press ? or * to list all spells.
Aiming: Sandblast (safe; 6% risk of failure)
Press: ? - help, Shift-Dir - straight line, f/p - ice beast
Aim: an ice beast The blast of sand hits the ice beast.
b - 18 stones The ice beast hits you.
The ice beast freezes you.
Casting: Sandblast (safe; 6% risk of failure)
Confirm with . or Enter, or press ? or * to list all spells.
Aiming: Sandblast (safe; 6% risk of failure)
Press: ? - help, Shift-Dir - straight line, f/p - ice beast
Aim: an ice beast The blast of sand hits the ice beast.
The ice beast is lightly wounded.
b - 17 stones The ice beast hits you.
* * * LOW HITPOINT WARNING * * *
The ice beast freezes you!
Ouch! That really hurt!
You die...

. ## .. #.####
##...
#....####.....
######.......#
#<.........#####
#.#####.##...$.#
#.### #.######@#
#...###.#
#Y.......
###.?.#..
#>.......
###.##.
#........ ..##.
#......## #....
#.....## ###.
#.....# ..
.###### #


You could see an ice beast.

Vanquished Creatures
  An adder (D:3)
  2 hobgoblins
  A bat (D:3)
  A frilled lizard (D:2)
5 creatures vanquished.

Notes
Turn   | Place    | Note
-------+----------+-------------------------------------------
     0 | D:1      | Amnesiac the Demonspawn Earth Elementalist began the quest for the Orb.
     0 | D:1      | Reached XP level 1. HP: 13/13 MP: 3/3
   165 | D:3      | Reached skill level 3 in Earth Magic
   165 | D:3      | Gained mutation: You have a somewhat thin skeletal structure. (Dex +2, Stealth) [demonic ancestry]
   165 | D:3      | Reached XP level 2. HP: 18/19 MP: 0/5
   233 | D:3      | Noticed an ice beast
   238 | D:3      | Slain by an ice beast

Vault maps used:
D:1:      eino_arrival_tree_alley
D:2:      first_ration

Skill      XL: |  1 |
---------------+----+-----
Dodging        | 2 |  2.0
Stealth        | 2 |  2.0
Earth Magic    | 3 |  3.0
Spellcasting   | |  2.1
Transmutations | |  0.8

Action                   || total
-------------------------++-------
Melee: Unarmed           ||     3
 Cast: Sandblast         ||    13
 Stab: Sleeping          ||     1
Armor: Robe              ||     1
Dodge: Dodged            ||     6

Table legend:
 A = Spawn XP
 B = Non-spawn XP
 C = Spawn XP percentage of total XP
 D = Spawn monster count
 E = Non-spawn monster count
 F = Spawn count percentage of total count
 G = Total turns spent on level
                    A         B        C        D         E        F      G
               +---------+---------+-------+---------+---------+-------+---------
         Total |       0 |      19 |   0.0 |       0 |       5 |   0.0 |   238
               +---------+---------+-------+---------+---------+-------+---------
           D:1 |       0 |       2 |   0.0 |       0 |       1 |   0.0 |    63
           D:2 |       0 |       3 |   0.0 |       0 |       2 |   0.0 |    84
           D:3 |       0 |      14 |   0.0 |       0 |       2 |   0.0 |    91
               +---------+---------+-------+---------+---------+-------+---------
